 Dungeon Crawl Stone Soup version 0.23.2-1-ga50397a (webtiles) character file.

Game seed: 16592223097482833858

146 MalarOregon the Ducker (level 5, -4/44 (45) HPs)
             Began as a Ghoul Earth Elementalist on May 26, 2019.
             Was an Initiate of Dithmenos.
             Slain by a worker ant (8 damage)
             ... on level 4 of the Dungeon.
             The game lasted 00:07:52 (2765 turns).

MalarOregon the Ducker (Ghoul Earth Elementalist)   Turns: 2765, Time: 00:07:53

HP:   -4/44 (45)    AC:  2    Str: 12    XL:     5   Next: 28%
MP:   0/6           EV: 12    Int: 11    God:    Dithmenos [......]
Gold: 176           SH:  3    Dex:  9    Spells: 1/7 levels left

rFire    . . .     SeeInvis .   a - +1 flail (venom)
rCold    + . .     Gourm    .   u - +0 buckler
rNeg     + + +     Faith    .   c - +0 robe
rPois    ∞         Spirit   .   (no helmet)
rElec    .         Reflect  .   (no cloak)
rCorr    .         Harm     .   (no gloves)
MR       .....                  (no boots)
Stlth    ++........             (no amulet)
HPRegen  0.00/turn              d - ring of positive energy (curse)
MPRegen  0.10/turn              v - ring of flight

@: very slightly contaminated, rotting
A: rotting body, claws 1, carnivore, cold resistance 1, negative energy
resistance 3, inhibited regeneration, torment resistance, unbreathing
a: Renounce Religion, Evoke Flight


You were on level 4 of the Dungeon.
You worshipped Dithmenos.
Dithmenos was noncommittal.
You were not hungry.

You visited 1 branch of the dungeon, and saw 4 of its levels.

You collected 176 gold pieces.

Inventory:

Hand Weapons
 a - a +1 flail of venom (weapon)
   (You found it on level 3 of the Dungeon)
Missiles
 b - 77 stones
 f - 10 javelins (quivered)
Armour
 c - a +0 robe (worn)
 u - a +0 buckler (worn)
   (You found it on level 3 of the Dungeon)
Magical Staves
 w - an uncursed staff of death
   (You found it on level 3 of the Dungeon)
Jewellery
 d - a cursed ring of positive energy (left claw)
   (You found it on level 1 of the Dungeon)
 v - a ring of flight (right claw)
   (You found it on level 3 of the Dungeon)
Scrolls
 h - 2 scrolls of immolation {unknown}
 i - a scroll of teleportation {unknown}
 k - 2 scrolls of random uselessness
 o - a scroll of identify {unknown}
 p - a scroll of fog {unknown}
 s - a scroll of remove curse {unknown}
 t - a scroll of noise {unknown}
Potions
 g - 3 potions of curing {unknown}
 j - a potion of ambrosia {unknown}
 l - a potion of degeneration {unknown}
 m - a potion of brilliance {unknown}
 n - a potion of heal wounds {unknown}
 q - a potion of magic {unknown}
 r - a potion of invisibility {unknown}
Comestibles
 e - 6 rations {!d}


   Skills:
 + Level 3.4 Fighting
 + Level 3.5 Dodging
 - Level 2.1 Stealth
 * Level 0.4 Shields
 - Level 1.7 Spellcasting
   Level 0.8 Transmutations
 + Level 3.4 Earth Magic


You had one spell level left.
You knew the following spells:

 Your Spells              Type           Power        Failure   Level  Hunger
a - Sandblast             Erth           #.....       12%         1    ##.....
b - Lee's Rapid Deconstr  Erth           #.........   97%         5    ######.

Your spell library contained the following spells:

 Spells                   Type           Power        Failure   Level  Hunger
 Passwall                 Tmut/Erth      #.......     28%         2    ###....
 Stone Arrow              Conj/Erth      #.....       56%         3    ####...
 Petrify                  Tmut/Erth      #.......     88%         4    #####..


Dungeon Overview and Level Annotations

Branches:
Dungeon (4/15)
 Temple: D:4-7

Altars:
Dithmenos
Kikubaaqudgha
Makhleb

Annotations:
D:3 Sigmund


Innate Abilities, Weirdness & Mutations

Your body is rotting away.
You thrive on raw meat.
You are immune to poison.
You have sharp fingernails.
You are carnivorous and can eat meat at any time.
Your flesh is cold resistant. (rC+)
You are immune to negative energy. (rN+++)
You do not regenerate when monsters are visible.
You are immune to unholy pain and torment.
You can survive without breathing.


Message History

The howler monkey completely misses you.
You hit the howler monkey but do no damage.
The howler monkey hits you.
The howler monkey completely misses you.
The howler monkey hoots and howls with incredible vigour!
A worker ant comes into view.
Your shield prevents you from hitting the howler monkey.
The howler monkey barely misses you.
The howler monkey hoots and howls with incredible vigour!
You closely miss the howler monkey. The howler monkey closely misses you.
Aim: a worker ant The blast of sand hits the worker ant but does no damage.
b - 81 stones The howler monkey completely misses you.
The howler monkey hits you.
Aim: a worker ant The blast of sand misses the worker ant.
b - 80 stones The howler monkey hits you.
The worker ant barely misses you.
Aim: a worker ant You miscast Sandblast.
You are very lightly contaminated with residual magic.
Nothing appears to happen.
The howler monkey hits you. The worker ant closely misses you.
An orc priest comes into view. It is wielding a +0 short sword.
Aim: a worker ant The blast of sand misses the worker ant.
b - 79 stones The howler monkey misses you.
The worker ant bites you.
* * * LOW HITPOINT WARNING * * *
Aim: a worker ant The blast of sand hits the worker ant but does no damage.
b - 78 stones You block the howler monkey's attack.
The worker ant bites you.
* * * LOW HITPOINT WARNING * * *
As you read the scroll labeled MUEMIOXAZE, it crumbles to dust.
You experience a momentary feeling of inescapable doom!
It was a scroll of random uselessness.
The howler monkey hoots and howls with incredible vigour!
The worker ant bites you.
* * * LOW HITPOINT WARNING * * *
The howler monkey hits you.
* * * LOW HITPOINT WARNING * * *
Okay, then.
Okay, then.
Aim: a worker ant The blast of sand hits the worker ant.
b - 77 stones The worker ant bites you!
You die...

#.....# #.#
.......## #.#
$.......# #.#
........###.#
........##..#
........#..#####
.<...............
....(...########..
.......oah@a......
#......#########..
######. .. #.> #..
#.. ...


You could see a howler monkey, 2 worker ants and an orc priest.

Vanquished Creatures
  An orc wizard (D:2)
  5 adders
  3 worms (D:2)
  2 leopard geckos (D:3)
  2 orcs (D:2)
  5 bats
  2 bat zombies (D:2)
  6 giant cockroaches
  5 hobgoblins
  9 jackals
  4 kobolds
  2 quokkas
  4 frilled lizards
  5 goblins
  5 rats
  A rat zombie (D:2)
61 creatures vanquished.

Notes
Turn   | Place    | Note
-------+----------+-------------------------------------------
     0 | D:1      | MalarOregon the Ghoul Earth Elementalist began the quest
                  | for the Orb.
     0 | D:1      | Reached XP level 1. HP: 14/14 MP: 2/2
   256 | D:1      | Reached skill level 1 in Fighting
   256 | D:1      | Reached XP level 2. HP: 21/23 MP: 3/3
   776 | D:1      | Reached XP level 3. HP: 24/29 MP: 4/4
  1211 | D:2      | Found a burning altar of Makhleb.
  1405 | D:2      | Reached XP level 4. HP: 20/37 MP: 3/5
  2042 | D:2      | Reached XP level 5. HP: 29/45 MP: 6/6
  2057 | D:2      | Found an ancient bone altar of Kikubaaqudgha.
  2065 | D:2      | Learned a level 5 spell: Lee's Rapid Deconstruction
  2415 | D:3      | Found a shadowy altar of Dithmenos.
  2421 | D:3      | Became a worshipper of Dithmenos the Shadowed
  2688 | D:3      | Noticed Sigmund
  2765 | D:4      | Slain by a worker ant

Skill      XL: |  1  2  3  4 |
---------------+-------------+-----
Dodging        | 2 3 |  3.5
Fighting       | 1 2 3 |  3.4
Stealth        | |  2.1
Shields        | |  0.4
Spellcasting   | |  1.7
Transmutations | |  0.8
Earth Magic    | |  3.4

Action                   |  1- 3 |  4- 6 || total
-------------------------+-------+-------++-------
Melee: Unarmed           |   161 |    56 ||   217
       Flail             |       |    39 ||    39
Throw: Javelin           |     7 |    22 ||    29
       Stone             |     1 |       ||     1
 Cast: Sandblast         |    13 |    21 ||    34
  Use: Scroll            |       |     1 ||     1
 Stab: Sleeping          |     4 |       ||     4
  Eat: Chunk             |    21 |    10 ||    31
Armor: Robe              |    29 |    18 ||    47
Dodge: Dodged            |   130 |   100 ||   230
Block: Buckler           |       |     5 ||     5
